 Dungeon Crawl Stone Soup version 0.31-a0-193-gdfe2569204 (webtiles) character file.

Game seed: 17112688117269842330

231 qw the Skirmisher (level 5, -4/29 HPs)
             Began as a Deep Elf Hunter on June 24, 2023.
             Slain by a crimson imp
             ... wielding a +1 dagger of chaos
              (9 damage)
             ... on level 3 of the Dungeon.
             The game lasted 00:00:53 (1969 turns).

qw the Skirmisher (Deep Elf Hunter)                 Turns: 1969, Time: 00:00:54

Health: -4/29      AC:  9    Str: 10    XL:     5   Next: 73%
Magic:  7/7        EV:  9    Int: 14    God:
Gold:   170        SH:  5    Dex: 18    Spells: 4/4 levels left

rFire   . . .        Y - +2 shortbow
rCold   . . .        (shield currently unavailable)
rNeg    . . .        j - +0 scale mail
rPois   .            d - +0 helmet
rElec   .            (no cloak)
rCorr   .            (no gloves)
SInv    .            (no boots)
Will    .....        b - amulet of reflection
Stlth   +            (no ring)
HPRegen 0.24/turn    (no ring)
MPRegen 0.10/turn

%: reflection
@: about to teleport, on berserk cooldown, slowed, very slow
A: iridescent scales 1
a: no special abilities


You were on level 3 of the Dungeon.
You visited 1 branch of the dungeon, and saw 3 of its levels.

You collected 170 gold pieces.


Innate Abilities, Weirdness & Mutations

You are partially covered in iridescent scales. (AC +2)


   Skills:
 + Level 1.6 Fighting
 - Level 9.0 Ranged Weapons
 - Level 1.0 Armour
 - Level 2.4 Dodging
 - Level 1.2 Stealth


You had 4 spell levels left.
You didn't know any spells.
Your spell library was empty.

Inventory:

Hand Weapons
 Y - a +2 shortbow (weapon)
Armour
 d - a +0 helmet (worn)
 j - a +0 scale mail (worn)
Jewellery
 b - an amulet of reflection (around neck)
Scrolls
 a - a scroll of identify
Potions
 c - 2 potions of enlightenment
 f - a potion of mutation
 g - 2 potions of heal wounds
 h - a potion of curing {unknown}

Dungeon Overview and Level Annotations

Branches:
Dungeon (3/15)

Altars:
Xom


Message History

The crimson imp barely misses you. x2
You shoot an arrow. The arrow hits the crimson imp.
The crimson imp is moderately wounded.
The crimson imp hits you but does no damage.
You block the crimson imp's attack.
You shoot an arrow.
The arrow closely misses the crimson imp.
The crimson imp blinks!
The crimson imp barely misses you.
You shoot an arrow.
The arrow barely misses the crimson imp.
The crimson imp barely misses you.
You shoot an arrow.
The arrow closely misses the crimson imp.
The crimson imp closely misses you.
The crimson imp hits you but does no damage.
You shoot an arrow. The arrow hits the crimson imp.
The crimson imp is lightly wounded.
You float gracefully downwards.
Your enlightenment fades.
The crimson imp hits you but does no damage.
The crimson imp hits you with a +1 dagger of chaos.
You shoot an arrow. The arrow hits the crimson imp!
The crimson imp is heavily wounded.
You block the crimson imp's attack.
The crimson imp hits you but does no damage.
You shoot an arrow.
The arrow completely misses the crimson imp.
The crimson imp blinks!
The crimson imp closely misses you.
You shoot an arrow. The arrow hits the crimson imp.
The crimson imp is moderately wounded.
The crimson imp hits you with a +1 dagger of chaos.
The crimson imp burns you.
The crimson imp hits you but does no damage.
You are electrocuted!
1969 ||| READING scroll of teleportation.
As you read the scroll of teleportation, it crumbles to dust.
You feel strangely unstable.
The crimson imp hits you with a +1 dagger of chaos.
You are electrocuted!
You die...

#.#..#
..#..#
######..##
#........#
#.####.###
#.# #.#
#.# #.#
####5# #.#
#..@.# #.#
#.##.# #..
# ### ##


You could see a crimson imp.

Vanquished Creatures
  A howler monkey (D:1)
  3 crimson imps (D:3)
  Terence (D:3)
  2 worms
  2 dart slugs (D:1)
  3 ball pythons
  6 endoplasms
  4 giant cockroaches
  A goblin (D:1)
  4 hobgoblins (D:1)
  6 kobolds
  5 quokkas
  7 bats
  4 frilled lizards
  4 rats
53 creatures vanquished.

Notes
Turn   | Place    | Note
-------+----------+-------------------------------------------
     0 | D:1      | qw the Deep Elf Hunter began the quest for the Orb.
     0 | D:1      | Reached XP level 1. HP: 12/12 MP: 3/3
     0 | D:1      | 0 ||| qw: Version: 0.3-a-9-g12657ce
     0 | D:1      | 0 ||| qw: Game counter: 4696
     0 | D:1      | 0 ||| qw: Always use a shield: true
     0 | D:1      | 0 ||| qw: God list: Okawaru
     0 | D:1      | 0 ||| qw: Allow faded altars: false
     0 | D:1      | 0 ||| qw: Do Orc after D:15 true
     0 | D:1      | 0 ||| qw: Do second Lair branch before Depths: true
     0 | D:1      | 0 ||| qw: Lair rune preference: random
     0 | D:1      | 0 ||| qw: Plans: Normal
     0 | D:1      | 0 ||| PLANNING D:1-11
   147 | D:1      | Reached skill level 6 in Ranged Weapons
   147 | D:1      | Reached XP level 2. HP: 16/16 MP: 4/4
   254 | D:1      | 254 ||| FLEEEEING.
   255 | D:1      | 255 ||| FLEEEEING.
   256 | D:1      | 256 ||| FLEEEEING.
   439 | D:1      | Found a faded altar of an unknown god.
   483 | D:1      | Reached XP level 3. HP: 20/20 MP: 5/5
   660 | D:1      | 660 ||| UPGRADING to +0 scale mail.
   670 | D:1      | 670 ||| DROPPING +0 leather armour.
   671 | D:1      | 671 ||| READING scroll labelled INYP IRIWK.
   672 | D:1      | 672 ||| READING scroll labelled XAUZXE JULUD.
   673 | D:1      | 673 ||| DROPPING scroll of butterflies.
   698 | D:2      | 698 ||| STAIRDANCE
   710 | D:1      | Reached skill level 7 in Ranged Weapons
   710 | D:1      | Reached XP level 4. HP: 10/25 MP: 6/6
  1357 | D:2      | 1357 ||| UPGRADING to +0 helmet.
  1362 | D:2      | 1362 ||| READING 3 scrolls labelled MUULAO HYIPT.
  1363 | D:2      | 1363 ||| READING 3 scrolls labelled GUORODIAMU.
  1364 | D:2      | 1364 ||| READING 2 scrolls labelled BYRIUTY KUDO.
  1365 | D:2      | 1365 ||| READING scroll of enchant weapon.
  1365 | D:2      | 1365 ||| ENCHANTING +1 shortbow.
  1366 | D:2      | 1366 ||| READING scroll labelled UDUGIG HISHUSM.
  1370 | D:2      | 1370 ||| READING 2 scrolls of identify.
  1370 | D:2      | 1370 ||| IDENTIFYING yellow potion
  1371 | D:2      | 1371 ||| DROPPING potion of lignification.
  1372 | D:2      | 1372 ||| DROPPING 2 scrolls of blinking.
  1519 | D:3      | Found a shimmering altar of Xom.
  1526 | D:3      | Reached skill level 8 in Ranged Weapons
  1537 | D:3      | Reached XP level 5. HP: 28/29 MP: 7/7
  1546 | D:3      | Reached skill level 9 in Ranged Weapons
  1549 | D:3      | 1549 ||| FLEEEEING.
  1550 | D:3      | 1550 ||| FLEEEEING.
  1551 | D:3      | 1551 ||| FLEEEEING.
  1552 | D:3      | 1552 ||| FLEEEEING.
  1553 | D:3      | 1553 ||| FLEEEEING.
  1625 | D:3      | Noticed Terence
  1632 | D:3      | Killed Terence
  1633 | D:3      | Reached skill level 1 in Armour
  1885 | D:3      | 1885 ||| FLEEEEING.
  1886 | D:3      | 1886 ||| FLEEEEING.
  1887 | D:3      | 1887 ||| FLEEEEING.
  1889 | D:3      | 1889 ||| FLEEEEING.
  1890 | D:3      | 1890 ||| FLEEEEING.
  1902 | D:3      | 1902 ||| FLEEEEING.
  1904 | D:3      | 1904 ||| FLEEEEING.
  1905 | D:3      | 1905 ||| FLEEEEING.
  1909 | D:3      | 1909 ||| FLEEEEING.
  1910 | D:3      | 1910 ||| FLEEEEING.
  1917 | D:3      | 1917 ||| STAIRDANCE
  1926 | D:2      | 1926 ||| UPGRADING to amulet of reflection.
  1931 | D:2      | 1931 ||| DRINKING 3 bubbling green potions.
  1932 | D:2      | 1932 ||| DRINKING 2 pink potions.
  1933 | D:2      | 1933 ||| DRINKING 2 metallic emerald potions.
  1933 | D:2      | Gained mutation: You are partially covered in iridescent
                  | scales. (AC +2) [potion of mutation]
  1934 | D:2      | 1934 ||| DRINKING 3 red potions.
  1935 | D:2      | 1935 ||| DROPPING potion of attraction.
  1968 | D:3      | HP: 6/29 [crimson imp/+1 dagger of chaos (11)]
  1969 | D:3      | 1969 ||| READING scroll of teleportation.
  1969 | D:3      | Slain by a crimson imp

Levels and vault maps discovered:
D:1:      dpeg_arrival_court, layout_basic, basic_ecumenical_altar, minivault_26
D:2:      layout_loops_ring, minmay_misc_feat_tower
D:3:      layout_basic, led_xom_imps, nrook_mini_vaults, uniq_terence

Skill      XL: |  1  2  3  4  5 |
---------------+----------------+-----
Ranged Weapons | 6 7 8 9 |  9.0
Armour         | 1 |  1.0
Fighting       | |  1.6
Dodging        | |  2.4
Stealth        | |  1.2

Action                     |  1- 3 |  4- 6 || total
---------------------------+-------+-------++-------
   Fire: Shortbow          |    70 |    90 ||   160
    Use: Scroll            |     2 |     7 ||     9
         Potion            |       |     4 ||     4
 Armour: Leather armour    |     2 |       ||     2
         Scale mail        |    12 |    15 ||    27
  Dodge: Dodged            |    27 |    21 ||    48
  Block: Other             |       |     2 ||     2

Table legend:
 A = Non-vault XP
 B = Vault XP
 C = Vault XP percentage of total XP
 D = Non-vault monster count
 E = Vault monster count
 F = Vault count percentage of total count
                 A         B        C        D         E       F
            +---------+---------+-------+---------+---------+-------
      Total |     145 |     186 |  56.2 |      49 |       4 |   7.5
            +---------+---------+-------+---------+---------+-------
        D:1 |     109 |       0 |   0.0 |      28 |       0 |   0.0
        D:2 |      25 |       0 |   0.0 |      15 |       0 |   0.0
        D:3 |      11 |     186 |  94.4 |       6 |       4 |  40.0
            +---------+---------+-------+---------+---------+-------
